 Dungeon Crawl Stone Soup version 0.25.0-1-g7eea58d2a3 (webtiles) character file.

Game seed: 15035105490402664119

16529 Delamore the Bludgeoner (level 12, -11/66 HPs)
             Began as a Gargoyle Fighter on June 13, 2020.
             Was the Champion of Okawaru.
             Mangled by a minotaur
             ... wielding a +1 morningstar of venom
              (24 damage)
             ... in a Gauntlet.
             The game lasted 00:23:18 (11397 turns).

Delamore the Bludgeoner (Gargoyle Fighter)         Turns: 11397, Time: 00:23:19

Health: -11/66     AC: 20    Str: 25    XL:     12   Next: 38%
Magic:  12/12      EV: 13    Int:  9    God:    Okawaru [******]
Gold:   915        SH:  6    Dex:  9    Spells: 11/11 levels left

rFire    . . .     SeeInvis +   F - +2 whip (elec)
rCold    . . .     Gourm    .   O - +2 buckler
rNeg     + . .     Faith    .   P - +1 scale mail of Goutetev {+Fly Slay+3}
rPois    ∞         Spirit   .   w - +0 helmet
rElec    +         Reflect  .   E - +0 cloak {rCorr}
rCorr    +         Harm     .   (no gloves)
MR       .....     NoTele   +   i - +0 pair of boots
Stlth    ..........             G - amulet of regeneration
HPRegen  0.61/turn              H - ring of see invisible
MPRegen  0.13/turn              N - +4 ring of evasion

@: mighty, very slightly contaminated, studying 2 skills
A: negative energy resistance 1, electricity resistance, unbreathing,
petrification resistance, rot immunity, MP-powered wands, AC +8
a: Heroism, Finesse, Renounce Religion, Evoke Flight


You were in a Gauntlet.
You worshipped Okawaru.
Okawaru was exalted by your worship.
You were not hungry.

You visited 3 branches of the dungeon, and saw 14 of its levels.
You also visited: Gauntlet.

You collected 915 gold pieces.

Inventory:

Hand Weapons
 F - a +2 whip of electrocution (weapon)
 Z - the +0 great mace of the Whelk {vorpal, +Blink +Fly MR++ Dex-5}
   (Okawaru gifted it to you on level 2 of the Lair of Beasts)

   It inflicts extra damage upon your enemies.
   It affects your dexterity (-5).
   It affects your resistance to hostile enchantments.
   It lets you fly.
   It lets you blink.
Missiles
 u - 6 silver javelins (quivered)
 B - 3 throwing nets
Armour
 i - a +0 pair of boots (worn)
 w - a +0 helmet (worn)
 C - a +2 cloak
 E - a +0 cloak of preservation (worn)
 O - a +2 buckler (worn)
 P - the +1 scale mail of Goutetev (worn) {+Fly Slay+3}
   (You took it off a gnoll sergeant on level 6 of the Dungeon)

   It affects your accuracy and damage with ranged weapons and melee attacks
   (+3).
   It lets you fly.
Jewellery
 a - the ring "Anuh" {*Contam rPois MR+ Int+2}
   (You found it in a Gauntlet)

   [ring of protection from magic]

   It affects your intelligence (+2).
   It protects you from poison.
   It affects your resistance to hostile enchantments.
   It causes magical contamination when unequipped.
 o - an uncursed ring of protection from cold
 q - an uncursed ring of protection from fire
 G - an amulet of regeneration (around neck)
 H - a ring of see invisible (left hand)
 N - a +4 ring of evasion (right hand)
Wands
 c - a wand of flame (28)
 y - a wand of digging (4)
 D - a wand of paralysis (9)
 R - a wand of polymorph (7)
 S - a wand of enslavement (11)
 V - a wand of acid (5)
Scrolls
 e - 4 scrolls of remove curse
 g - 3 scrolls of enchant weapon
 j - 8 scrolls of teleportation
 p - 3 scrolls of fear
 r - a scroll of amnesia
 t - 5 scrolls of fog
 v - a scroll of blinking {unknown}
 J - a scroll of torment
 X - a scroll of summoning
Potions
 d - a potion of might
 h - a potion of berserk rage
 l - 5 potions of curing
 m - 2 potions of degeneration {unknown}
 s - 4 potions of magic
 z - 2 potions of haste
 K - 2 potions of resistance
 L - a potion of brilliance
 M - a potion of cancellation
 U - 2 potions of invisibility {unknown}
Books
 b - a manual of Necromancy
 k - a manual of Fighting
Comestibles
 f - 9 rations


   Skills:
 + Level 4.3 Fighting
 - Level 18.1 Maces & Flails
 - Level 3.2 Armour
 + Level 4.3 Shields


You had 11 spell levels left.
You didn't know any spells.
Your spell library contained the following spells:

 Spells                   Type           Power        Failure   Level  Hunger
 Magic Dart               Conj           #...         67%         1    ##.....
 Blink                    Tloc           N/A          82%         2    ###....
 Call Imp                 Summ           #.......     82%         2    ###....
 Slow                     Hex            #.......     82%         2    ###....
 Conjure Flame            Conj/Fire      #.......     96%         3    ####...
 Mephitic Cloud           Conj/Pois/Air  #.......     96%         3    ####...
 Irradiate                Conj/Tmut      #.........   100%        5    ######.
 Hydra Form               Tmut           #.........   100%        6    #######
 Dragon Form              Tmut           #.........   100%        7    #######
 Statue Form              Tmut/Erth      Unusable     N/A         6    N/A

Dungeon Overview and Level Annotations

Branches:
Dungeon (10/15)            Temple (1/1) D:6            Lair (3/6) D:10
 Shoals (0/4) Lair:3       Spider (0/4) Lair:2      Gauntlet (1/1)
    Orc: D:9-12

Altars:
Ashenzari
Cheibriados
Dithmenos
Elyvilon
Fedhas
Gozag
Hepliaklqana
Kikubaaqudgha
Makhleb
Nemelex Xobeh
Okawaru
Qazlal
Ru
Sif Muna
Trog
Uskayaw
Vehumet
Wu Jian
Xom
Yredelemnul
Zin
The Shining One

Shops:
D:8 (   D:10 [%

Portals:
Volcano: Lair:3

Annotations:
Gauntlet 8 transporters


Innate Abilities, Weirdness & Mutations

You are resistant to torment.
Your stone body is resilient. (AC +8)
You are immune to poison.
You resist negative energy. (rN+)
You are resistant to electric shocks. (rElec)
You can survive without breathing.
You are immune to petrification.
You are immune to rotting.
You expend magic power (3 MP) to strengthen your wands.


Message History

You block the minotaur's attack.
You whack the minotaur!
The minotaur is moderately wounded.
The minotaur completely misses you.
The minotaur gores you but does no damage.
You hit the minotaur. Lightning courses through the minotaur!
The minotaur is heavily wounded.
You hit the minotaur but do no damage. Lightning courses through the minotaur!
The minotaur is severely wounded.
You hit the minotaur but do no damage.
The minotaur is severely wounded.
The minotaur hits you with a +1 morningstar of venom!
* * * LOW HITPOINT WARNING * * *
The minotaur gores you but does no damage.
You hit the minotaur.
The minotaur is severely wounded.
You whack the minotaur!
The minotaur is almost dead.
The minotaur hits you with a +1 morningstar of venom!!
You die...

#######...##≈...#......
#....##.♣.###.P.#..#...
#.##......##..♣.#.###.. #
..##.##.♣.#...P.#©.#©#. #..##
#....##...#.♣...#./.###
#....##.##....©.#.....#....#.
#....##.##..(#.....#......
######....##.©.#.....#######
#∩..H'(##.H@...#..∩.........
######(##.##.©.#.....#######
#....##...#.....#y#y#y.
#.##(...©.#.....##.(#.#
...##.##...#.♣...#.".#.#
#.##....##.♣.#...P.####©.# ..
#.##......##..♣.#yy...# ##
..##.##.♣.###...#y####.
#######...##≈...#......


You could see a minotaur.

Vanquished Creatures
  4 two-headed ogres
  Pikel (D:7)
  A wolf spider (Lair:2)
  The ghost of brob1 the Magician, a novice DrTm of Dithmenos (D:6)
  An apocalypse crab (Gauntlet)
  A spiny frog (Lair:1)
  A rime drake (Lair:2)
  2 komodo dragons
  A jumping spider (Lair:2)
  2 trolls
  Grinder (D:5)
  A hornet (D:10)
  5 blink frogs (Lair:1)
  4 hippogriffs
  A spectral black mamba (Gauntlet)
  2 redbacks (Lair:2)
  2 vampires
  10 yaks (Lair:2)
  4 shadows (Gauntlet)
  A basilisk (D:10)
  A hungry ghost (D:8)
  2 water moccasins
  6 porcupines
  A slave (D:7)
  4 orc warriors
  5 ogres
  2 sky beasts
  2 black bears (D:10)
  3 wolves (D:10)
  A phantom (D:8)
  5 centaurs
  3 crocodiles
  11 bullfrogs
  A big kobold (D:7)
  2 gnoll sergeants (D:6)
  4 killer bees (D:10)
  A howler monkey (D:10)
  A bullfrog zombie (D:5)
  2 crimson imps
  5 jellies
  4 orc priests
  2 centaur zombies
  Crazy Yiuf (D:3)
  2 bullfrog skeletons
  A gnoll shaman (D:6)
  7 hounds
  2 centaur skeletons
  4 iguanas
  Terence (D:3)
  Natasha (thrice) (D:3)
  11 orc wizards
  A worker ant (D:8)
  A hound skeleton (D:5)
  Robin (D:3)
  15 adders
  6 gnolls (D:6)
  A howler monkey skeleton (D:7)
  3 shadow imps
  An ooze (D:3)
  2 adder skeletons (D:6)
  2 worms (D:2)
  3 dart slugs
  5 leopard geckos
  31 orcs
  2 ball pythons (D:3)
  2 giant cockroaches
  9 hobgoblins
  14 jackals
  18 kobolds
  2 quokkas (D:8)
  5 bats (D:2)
  A frilled lizard (D:3)
  11 goblins
  4 rats (D:1)
286 creatures vanquished.

Vanquished Creatures (others)
  An orc (D:7)
  A quokka (D:7)
  5 plants (D:6)
7 creatures vanquished.

Grand Total: 293 creatures vanquished

Notes
Turn   | Place    | Note
-------+----------+-------------------------------------------
     0 | D:1      | Delamore the Gargoyle Fighter began the quest for the Orb.
     0 | D:1      | Reached XP level 1. HP: 14/14 MP: 1/1
    88 | D:1      | Reached XP level 2. HP: 14/19 MP: 2/2
   215 | D:1      | Reached skill level 3 in Maces & Flails
   806 | D:1      | Reached XP level 3. HP: 21/23 MP: 3/3
  1453 | D:2      | Reached skill level 4 in Maces & Flails
  1592 | D:2      | Reached XP level 4. HP: 28/28 MP: 4/4
  2158 | D:2      | Reached skill level 5 in Maces & Flails
  2158 | D:2      | Reached XP level 5. HP: 28/32 MP: 5/5
  2364 | D:3      | Noticed Natasha
  2372 | D:3      | Killed Natasha
  2385 | D:3      | Noticed Natasha
  2397 | D:3      | Killed Natasha
  2563 | D:3      | Noticed Natasha
  2581 | D:3      | Killed Natasha
  2598 | D:3      | Reached skill level 6 in Maces & Flails
  2734 | D:3      | Noticed Robin
  2755 | D:3      | Killed Robin
  2755 | D:3      | Reached XP level 6. HP: 30/37 MP: 6/6
  2923 | D:3      | Found a basalt altar of Yredelemnul.
  2923 | D:3      | Noticed Terence
  2930 | D:3      | Killed Terence
  3292 | D:3      | Found a runed translucent door.
  3293 | D:3      | Noticed Crazy Yiuf
  3491 | D:3      | Killed Crazy Yiuf
  3913 | D:5      | Entered Level 5 of the Dungeon
  3971 | D:5      | Reached skill level 7 in Maces & Flails
  4013 | D:5      | Reached XP level 7. HP: 41/41 MP: 7/7
  4298 | D:5      | Noticed Grinder
  4298 | D:5      | Paralysed by Grinder for 2 turns
  4310 | D:5      | Paralysed by Grinder for 5 turns
  4315 | D:5      | Killed Grinder
  4315 | D:5      | Reached skill level 8 in Maces & Flails
  4409 | D:5      | Noticed a troll
  4500 | D:5      | Killed a troll
  4500 | D:5      | Reached skill level 9 in Maces & Flails
  4500 | D:5      | Reached XP level 8. HP: 24/46 MP: 8/8
  4791 | D:6      | Found a staircase to the Ecumenical Temple.
  4815 | Temple   | Entered the Ecumenical Temple
  4848 | Temple   | Became a worshipper of Warmaster Okawaru
  4938 | D:6      | Identified the +9 trident of Runayder {vamp, rPois MR+
                  | Dex+4 Stlth+}
  4938 | D:6      | Identified the +1 scale mail of Goutetev {+Fly Slay+3}
  4977 | D:6      | Found a transporter.
  4977 | D:6      | Found a transporter.
  4987 | D:6      | Noticed brob1's ghost (novice DrTm)
  5142 | D:6      | Reached skill level 10 in Maces & Flails
  5316 | D:6      | Reached * piety under Okawaru
  5518 | D:6      | Killed brob1's ghost
  5518 | D:6      | Reached skill level 11 in Maces & Flails
  5518 | D:6      | Reached XP level 9. HP: 34/51 MP: 9/9
  5777 | D:7      | Noticed Pikel
  5808 | D:7      | Killed Pikel
  5808 | D:7      | Reached ** piety under Okawaru
  5808 | D:7      | Reached skill level 12 in Maces & Flails
  6602 | D:7      | Reached skill level 13 in Maces & Flails
  6884 | D:8      | Found Huck's Antique Weapon Shoppe.
  6906 | D:8      | Noticed a two-headed ogre
  6921 | D:8      | Killed a two-headed ogre
  6921 | D:8      | Reached *** piety under Okawaru
  6921 | D:8      | Reached XP level 10. HP: 41/56 MP: 10/10
  7093 | D:8      | Reached skill level 14 in Maces & Flails
  7099 | D:8      | Reached **** piety under Okawaru
  7628 | D:9      | Noticed a two-headed ogre
  7648 | D:9      | Killed a two-headed ogre
  7648 | D:9      | Reached ***** piety under Okawaru
  7729 | D:9      | Reached skill level 15 in Maces & Flails
  8358 | D:10     | Entered Level 10 of the Dungeon
  8358 | D:10     | Found Juaforutz's Antique Armour Shoppe.
  8366 | D:9      | Reached XP level 11. HP: 60/60 MP: 11/11
  8415 | D:10     | Noticed a two-headed ogre
  8462 | D:10     | Killed a two-headed ogre
  8462 | D:10     | Reached skill level 16 in Maces & Flails
  8630 | D:10     | Noticed a two-headed ogre
  8641 | D:10     | Killed a two-headed ogre
  8776 | D:10     | Reached ****** piety under Okawaru
  8807 | D:10     | Found Jesch's Food Boutique.
  8934 | D:10     | Found a staircase to the Lair.
  9116 | Lair:1   | Entered Level 1 of the Lair of Beasts
  9429 | Lair:1   | Reached skill level 17 in Maces & Flails
  9561 | Lair:1   | Received a gift from Okawaru
  9639 | Lair:1   | Received a gift from Okawaru
 10204 | Lair:2   | Reached XP level 12. HP: 64/64 MP: 12/12
 10433 | Lair:2   | Found a hole to the Spider Nest.
 10439 | Lair:2   | Reached skill level 18 in Maces & Flails
 10455 | Lair:2   | Received a gift from Okawaru
 10458 | Lair:2   | Got a polished great mace {god gift}
 10464 | Lair:2   | Identified the +0 great mace of the Whelk {vorpal, +Blink
                  | +Fly MR++ Dex-5} (Okawaru gifted it to you on level 2 of
                  | the Lair of Beasts)
 10956 | Lair:3   | Found a dark tunnel.
 10988 | Lair:3   | Found a gate leading to a gauntlet.
 10997 | Gauntlet | Entered a Gauntlet
 10997 | Gauntlet | Found a transporter.
 11001 | Gauntlet | Found a transporter.
 11003 | Gauntlet | Found a transporter.
 11018 | Gauntlet | Found a transporter.
 11020 | Gauntlet | Found a transporter.
 11022 | Gauntlet | Noticed a hell hog
 11032 | Gauntlet | Found a transporter.
 11050 | Gauntlet | Found a transporter.
 11053 | Gauntlet | Found a transporter.
 11073 | Gauntlet | Found a transporter.
 11083 | Gauntlet | Found a transporter.
 11087 | Gauntlet | Noticed a death yak
 11087 | Gauntlet | Noticed a death yak
 11092 | Gauntlet | Found a transporter.
 11092 | Gauntlet | Noticed a death yak
 11092 | Gauntlet | Noticed a death yak
 11094 | Gauntlet | Found a transporter.
 11094 | Gauntlet | Noticed a death scarab
 11095 | Gauntlet | Found a transporter.
 11135 | Gauntlet | Found a transporter.
 11307 | Gauntlet | Got a scorched brass ring
 11317 | Gauntlet | Identified the ring "Anuh" {*Contam rPois MR+ Int+2} (You
                  | found it in a Gauntlet)
 11371 | Gauntlet | Gained mutation: You expend magic power (3 MP) to
                  | strengthen your wands. [mutagenic glow]
 11375 | Gauntlet | Noticed a minotaur
 11397 | Gauntlet | Mangled by a minotaur

Illustrated notes

Levels and vault maps discovered:
D:1:      tarquinn_simple_flora_water_d, layout_basic, serial_rivers,
          chequers_serial_rivers_micro_c, chequers_serial_rivers_micro_c,
          chequers_serial_rivers_large_a, chequers_serial_rivers_room_b,
          chequers_serial_rivers_micro_e, minmay_tetromino_l4
D:2:      minmay_recursive_quarters, layout_basic, minmay_circle_x
D:3:      layout_loops_ring, yredelemnul_altar_generic,
          minmay_tree_intersection, uniq_terence, uniq_natasha,
          uniq_crazy_yiuf_cottage, uniq_robin
D:4:      layout_rooms, first_ration
D:5:      layout_loops_ring, uniq_grinder
D:6:      layout_basic, minmay_temple_entry_statues_fountains,
          gammafunk_ghost_gnarly_gnolls
D:7:      layout_layer_cave, item_on_display_a, uniq_pikel
D:8:      layout_basic, serial_shops, shop
D:9:      layout_cave_pools
D:10:     layout_cave_pools, minmay_lair_entry_grove, serial_shops,
          nicolae_shop_crystal, shop
Temple:   compressed_dpeg_triangle_lava_temple
Lair:1:   layout_layer_cave
Lair:2:   layout_misc_corridors, spider_nest_entry_funnel_web
Lair:3:   layout_cave_pods, elwin_shoals_entry_rooms,
          nicolae_volcano_entry_hallway, gauntlet_entry_generic, uniq_gastronok
Gauntlet: minmay_gauntlet_77_tree [minmay_gauntlet_arena_77_squiggly,
          minmay_gauntlet_arena_77_mess, minmay_gauntlet_arena_77_museum,
          minmay_gauntlet_arena_77_tiled_triplets,
          minmay_gauntlet_arena_77_radiant_squares,
          minmay_gauntlet_arena_77_double_cross,
          minmay_gauntlet_arena_77_mirror, gauntlet_exit_green]

Skill      XL: |  1  2  3  4  5  6  7  8  9 10 11 12 |
---------------+-------------------------------------+-----
Maces & Flails | 3 4 5 6 7 9 11 13 15 17 18 | 18.1
Fighting       | 4 |  4.3
Shields        | 4 |  4.3
Armour         | |  3.2

Action                   |  1- 3 |  4- 6 |  7- 9 | 10-12 || total
-------------------------+-------+-------+-------+-------++-------
Melee: Flail             |   106 |   251 |   262 |       ||   619
       Whip              |       |       |    78 |   533 ||   611
       Great mace        |       |       |       |    22 ||    22
Throw: Javelin           |       |       |    16 |     5 ||    21
Invok: Heroism           |       |       |     1 |       ||     1
       Finesse           |       |       |       |     2 ||     2
Evoke: Wand              |       |       |     1 |       ||     1
  Use: Scroll            |       |       |    16 |     5 ||    21
       Potion            |       |       |       |     3 ||     3
  Eat: Chunk             |     2 |     6 |     5 |    15 ||    28
       Ration            |       |     1 |     1 |     1 ||     3
Armor: Scale mail        |    57 |   172 |   231 |   162 ||   622
Dodge: Dodged            |    33 |    83 |   160 |   204 ||   480
Block: Kite shield       |    57 |   146 |   119 |       ||   322
       Buckler           |       |       |    42 |    98 ||   140
